 Dungeon Crawl Stone Soup version 0.18-a0-1563-g3d1bdcc (webtiles) character file.

523 Lusmu the Chiller (level 7, -2/69 HPs)
             Began as a Merfolk Ice Elementalist on Mar 14, 2016.
             Slain by an orc
             ... wielding a +0 club
              (4 damage)
             ... on level 4 of the Dungeon.
             The game lasted 00:34:54 (5792 turns).

Lusmu the Chiller (Merfolk Ice Elementalist)        Turns: 5792, Time: 00:34:54

Health: -2/69      AC: 10    Str: 14    XL:     7   Next: 22%
Magic:  7/11       EV: 14    Int: 15    God:
Gold:   162        SH:  0    Dex: 17    Spells: 3 memorised, 4 levels left

rFire  + . .     SeeInvis +     B - +0 trident
rCold  . . .     Gourm    .     a - +1 robe
rNeg   . . .     Faith    .     (no shield)
rPois  .         Spirit   .     (no helmet)
rElec  .         Dismiss  .     (no cloak)
rCorr  .         Reflect  .     (no gloves)
SustAt .         Harm     .     D - +0 pair of boots
MR     .....                    (no amulet)
Stlth  ..........               x - ring of protection from fire
                                r - ring of see invisible

@: berserking, icy armour, very quick, not resistant to hostile enchantments,
extremely unstealthy
A: change form in water, swift swim, agile 1, high mp 1, mutation resistance 1
a: no special abilities


You were on level 4 of the Dungeon.
You were not hungry.

You visited 2 branches of the dungeon, and saw 5 of its levels.

You collected 162 gold pieces.

Inventory:

Hand Weapons
 e - a +0 dagger
 B - a +0 trident (weapon)
Missiles
 h - 6 javelins
 z - a throwing net (quivered)
Armour
 a - a +1 robe (worn)
 D - a +0 pair of boots (worn)
Jewellery
 r - a ring of see invisible (left hand)
 x - a ring of protection from fire (right hand)
Wands
 y - a wand of random effects (48/48)
Scrolls
 d - 2 scrolls of fog
 f - a scroll of immolation
 i - 3 scrolls of remove curse
 k - a scroll of noise
 l - 2 scrolls of enchant armour
 n - a scroll of fear
 p - a scroll of enchant weapon {unknown}
 s - a scroll of teleportation {unknown}
 A - a scroll of recharging
 E - a scroll of magic mapping {unknown}
Potions
 g - a potion of brilliance {unknown}
 m - 3 potions of curing
 o - a potion of resistance
 u - a potion of cancellation {unknown}
 w - 2 potions of cure mutation {unknown}
Books
 b - a book of Frost

   Spells                             Type                      Level
   a - Freeze                         Ice                          1
   b - Throw Frost                    Conjuration/Ice              2
   c - Ozocubu's Armour               Charms/Ice                   3
   d - Throw Icicle                   Conjuration/Ice              4
   e - Summon Ice Beast               Ice/Summoning                4
 q - a book of Necromancy

   Spells                             Type                      Level
   a - Pain                           Necromancy                   1
   b - Animate Skeleton               Necromancy                   1
   c - Vampiric Draining              Necromancy                   3
   d - Regeneration                   Charms/Necromancy            3
   e - Animate Dead                   Necromancy                   4
   f - Control Undead                 Necromancy                   4
Comestibles
 c - 3 bread rations
 j - a meat ration
 v - a slice of pizza
 C - a chunk of flesh


   Skills:
 + Level 4.8 Polearms
 - Level 4.0 Dodging
 - Level 2.1 Stealth
 - Level 2.0 Spellcasting
 - Level 0.7 Conjurations
 + Level 1.8 Charms
 * Level 7.1 Ice Magic


You had 4 spell levels left.
You knew the following spells:

 Your Spells              Type           Power        Failure   Level  Hunger
a - Freeze                Ice            ###.         1%          1    #......
b - Throw Frost           Conj/Ice       ##....       10%         2    ###....
c - Ozocubu's Armour      Chrm/Ice       ##......     14%         3    ###....


Dungeon Overview and Level Annotations

Branches:
Dungeon (4/15)             Temple (1/1) D:4

Altars:
Ashenzari
Cheibriados
Dithmenos
Fedhas
Kikubaaqudgha
Makhleb
Nemelex Xobeh
Okawaru
Qazlal
Trog
Xom
Yredelemnul
Zin


Innate Abilities, Weirdness & Mutations

You revert to your normal form in water.
You are very nimble and swift while swimming.
You are agile. (Dex +2)
You have an increased reservoir of magic (+10% MP).
You are somewhat resistant to further mutation.


Message History

The orc priest calls down the wrath of Beogh upon you.
Beogh smites you!
* * * LOW HITPOINT WARNING * * *
An orc comes into view. It is wielding a club.
The orc priest hits you.
* * * LOW HITPOINT WARNING * * *
Things that are here:
a dagger; a chain mail; an orc corpse Drink which item? (? for menu, Esc to quit)
A red film seems to cover your vision as you go berserk!
You feel yourself moving faster!
You feel mighty!
The orc priest hits you but does no damage.
The orc hits you with a club.
* * * LOW HITPOINT WARNING * * *
You hit the orc priest.
The orc priest is moderately wounded.
The orc priest hits you.
* * * LOW HITPOINT WARNING * * *
The orc hits you with a club.
You die...

#.#######.<# ##### #.#
#.## .. #.# ###.########
#o #.# #........... #o #.#
###.######.# #o #.# #.#
#.# #o #.# #.# #.# #. #.#
#.# #.#
######.##@#######.# #.#
#.......oo........######.#
........o.................
########################.#
#.# #.# #.. #.. ##.


You could see an orc priest and 2 orcs.

Vanquished Creatures
  A scorpion (D:4)
  A crimson imp (D:3)
  A jelly (D:4)
  A centaur skeleton (D:4)
  A giant frog skeleton (D:4)
  An orc priest (D:4)
  2 orc wizards (D:3)
  Jessica (D:2)
  3 worker ants (D:4)
  Robin (D:3)
  3 adders
  A shadow imp (D:3)
  2 oozes
  A worm (D:3)
  3 dart slugs
  A giant gecko (D:3)
  10 orcs
  2 ball pythons
  5 bats
  3 giant cockroaches
  14 hobgoblins
  5 jackals
  10 kobolds
  2 quokkas (D:3)
  10 giant newts
  13 goblins
  4 rats
102 creatures vanquished.

Notes
Turn   | Place    | Note
--------------------------------------------------------------
     0 | D:1      | Lusmu the Merfolk Ice Elementalist began the quest for the Orb.
     0 | D:1      | Reached XP level 1. HP: 13/13 MP: 3/3
   152 | D:1      | Reached XP level 2. HP: 13/19 MP: 1/5
   848 | D:1      | Reached skill level 4 in Ice Magic
  1143 | D:1      | Reached XP level 3. HP: 20/24 MP: 2/6
  1466 | D:2      | Noticed Jessica
  1471 | D:2      | Killed Jessica
  1471 | D:2      | Reached XP level 4. HP: 23/30 MP: 0/7
  1536 | D:2      | Learned a level 2 spell: Throw Frost
  1540 | D:2      | Learned a level 3 spell: Ozocubu's Armour
  2024 | D:2      | Reached skill level 5 in Ice Magic
  2194 | D:3      | Found a burning altar of Makhleb.
  2199 | D:3      | Found a glowing silver altar of Zin.
  2199 | D:3      | Noticed an angel
  2199 | D:3      | Noticed an Executioner
  2226 | D:3      | Found a shadowy altar of Dithmenos.
  2504 | D:3      | Found a shimmering altar of Xom.
  2518 | D:3      | Found a stormy altar of Qazlal.
  2641 | D:3      | Found a sparkling altar of Nemelex Xobeh.
  2712 | D:3      | Noticed Robin
  2834 | D:3      | Reached skill level 1 in Polearms
  2834 | D:3      | Reached XP level 5. HP: 30/35 MP: 0/8
  3442 | D:3      | Killed Robin
  3935 | D:3      | Found a basalt altar of Yredelemnul.
  3989 | D:3      | Reached skill level 6 in Ice Magic
  3989 | D:3      | Reached XP level 6. HP: 36/41 MP: 5/9
  4725 | D:3      | Gained mutation: You are agile. (Dex +2) [potion of mutation]
  4725 | D:3      | Gained mutation: You are somewhat resistant to further mutation. [potion of mutation]
  4725 | D:3      | Gained mutation: You have an increased reservoir of magic (+10% MP). [potion of mutation]
  4793 | D:4      | Found a staircase to the Ecumenical Temple.
  4807 | Temple   | Entered the Ecumenical Temple
  4941 | D:4      | Found a shattered altar of Ashenzari.
  5172 | D:4      | Reached skill level 1 in Charms
  5559 | D:4      | Reached XP level 7. HP: 46/46 MP: 6/11
  5669 | D:4      | Reached skill level 7 in Ice Magic
  5792 | D:4      | HP: 2/69 [orc priest (4)]
  5792 | D:4      | Slain by an orc

Vault maps used:
D:1:      dpeg_arrival_refuge
D:2:      kennysheep_potato, uniq_jessica
D:3:      grunt_temple_overflow_order_and_chaos_2,
          nicolae_overflow_hidden_temple, xom_butterflies, old_standard_altar,
          first_bread, yredelemnul_altar_generic, uniq_robin
D:4:      lemuel_crystal_altar, minmay_temple_entry_poolview, serial_glass,
          glass_columns_a, glass_columns_c, hangedman_glass_teeth,
          corexii_item_surrounded_by_moat
Temple:   nicolae_temple_hex_pool

Skill      XL: |  1  2  3  4  5  6  7 |
---------------+----------------------+-----
Dodging        | 3 4 |  4.0
Ice Magic      | 4 5 6 7 |  7.1
Polearms       | 1 3 4 |  4.8
Charms         | 1 |  1.8
Stealth        | |  2.1
Spellcasting   | |  2.0
Conjurations   | |  0.7

Action                   |  1- 3 |  4- 6 |  7- 9 || total
-------------------------+-------+-------+-------++-------
Melee: Unarmed           |     7 |       |       ||     7
       Dagger            |    55 |   212 |       ||   267
       Trident           |       |    53 |    22 ||    75
Throw: Javelin           |     3 |       |       ||     3
 Cast: Freeze            |    34 |    65 |     3 ||   102
       Throw Frost       |       |    21 |       ||    21
       Ozocubu's Armour  |       |     3 |     1 ||     4
Evoke: Wand              |       |     1 |       ||     1
  Use: Scroll            |       |    10 |     2 ||    12
       Potion            |       |     4 |     1 ||     5
 Stab: Sleeping          |     1 |     5 |       ||     6
  Eat: Chunk             |     2 |    18 |     1 ||    21
